 Dungeon Crawl Stone Soup version 0.30-a0-377-g5cb311bc9f (webtiles) character file.

Game seed: 5653043793169773251

100 arthad the Chopper (level 4, 0/41 HPs)
             Began as a Gnoll Cinder Acolyte on Nov 27, 2022.
             Was a High Priest of Ignis.
             Slain by Grinder (6 damage)
             ... on level 3 of the Dungeon.
             The game lasted 00:05:59 (2540 turns).

arthad the Chopper (Gnoll Cinder Acolyte)           Turns: 2540, Time: 00:05:59

Health: 0/41       AC:  2    Str: 14    XL:     4   Next: 74%
Magic:  1/8        EV: 12    Int: 15    God:    Ignis [*****.]
Gold:   86         SH:  0    Dex: 13    Spells: 7/9 levels left

rFire   + . .      SeeInvis .    a - -1 hand axe (flame)
rCold   . . .      Faith    .    (no shield)
rNeg    . . .      Spirit   .    b - +0 robe
rPois   .          Reflect  .    (no helmet)
rElec   .          Harm     .    (no cloak)
rCorr   .          Rampage  .    (no gloves)
Will    .....                    (no boots)
Stlth   ++........               (no amulet)
HPRegen 0.26/turn                g - +6 ring of dexterity
MPRegen 0.11/turn                (no ring)

@: mighty
A: fangs 1, strong nose, distributed training
a: Renounce Religion, Fiery Armour, Foxfire Swarm, Rising Flame


You were on level 3 of the Dungeon.
You worshipped Ignis.
Ignis was extremely pleased with you.
You visited 1 branch of the dungeon, and saw 3 of its levels.

You collected 86 gold pieces.

Inventory:

Hand Weapons
 a - a -1 hand axe of flaming (weapon)
 d - a +2 dagger of venom
 h - a +0 sling
Armour
 b - a +0 robe (worn)
Jewellery
 g - a +6 ring of dexterity (left hand)
Scrolls
 f - a scroll of teleportation {unknown}
 i - 2 scrolls of identify {unknown}
 k - a scroll of immolation {unknown}
 l - a scroll of blinking {unknown}
Potions
 e - 3 potions of degeneration {unknown}
 j - a potion of haste {unknown}


   Skills:
 + Level 6.6 Fighting
 + Level 1.2 Short Blades
 + Level 1.2 Long Blades
 + Level 6.6 Axes
 + Level 1.2 Maces & Flails
 + Level 1.2 Polearms
 + Level 1.2 Staves
 + Level 1.2 Ranged Weapons
 + Level 1.2 Throwing
 + Level 1.2 Armour
 + Level 1.2 Dodging
 + Level 1.2 Stealth
 + Level 1.2 Shields
 + Level 1.2 Unarmed Combat
 + Level 3.0 Spellcasting
 + Level 1.0 Conjurations
 + Level 1.0 Hexes
 + Level 1.0 Summonings
 + Level 1.0 Necromancy
 + Level 1.0 Translocations
 + Level 1.0 Transmutations
 + Level 5.5 Fire Magic
 + Level 1.0 Ice Magic
 + Level 1.0 Air Magic
 + Level 1.0 Earth Magic
 + Level 1.0 Poison Magic
 + Level 1.4 Invocations
 + Level 1.2 Evocations


You had 7 spell levels left.
You knew the following spells:

 Your Spells              Type           Power      Damage    Failure   Level
a - Scorch                Fire           36%        2d6       3%          2

Your spell library contained the following spells:

 Spells                   Type           Power      Damage    Failure   Level


Dungeon Overview and Level Annotations

Branches:
Dungeon (3/15)

Altars:

Shops:
D:1 =

Annotations:
D:3 Grinder


Innate Abilities, Weirdness & Mutations

You have very sharp teeth.
Your uncanny sense of smell can sniff out nearby items.
Your experience applies equally to all skills.


Message History

Grinder closely misses you.
Unknown command.
Unknown command.
Casting: Scorch (safe; 3% risk of failure)
Press: ? - help, Q - select action Dir - look around, f - activate Flames lash Grinder.
Grinder is moderately wounded.
Grinder closely misses you.
Unknown command.
Unknown command.
You barely miss Grinder. Your bite misses Grinder.
Grinder is moderately wounded.
Grinder closely misses you.
You hit Grinder. You burn Grinder.
Grinder is heavily wounded.
Grinder hits you!
You writhe in agony.
You closely miss Grinder.
Grinder is heavily wounded.
You hit Grinder but do no damage.
Grinder is heavily wounded.
Grinder gestures at you. Pain shoots through your body!
You closely miss Grinder. Your bite misses Grinder.
Grinder is heavily wounded.
A bat comes into view.
Grinder barely misses you.
The bat moves out of view.
You hit Grinder but do no damage.
Grinder is heavily wounded.
Grinder misses you.
You hit Grinder. You burn Grinder. Your bite misses Grinder.
Grinder is severely wounded.
Grinder gestures at you. Pain shoots through your body!
* * * LOW HITPOINT WARNING * * *
It was a potion of might.
You feel very mighty all of a sudden. Grinder hits you.
* * * LOW HITPOINT WARNING * * *
You writhe in agony.
You die...

#..........# .#..........
.........>.# ..........#
#.. #........#...#.
#........#...........
#............#.......
#####....@5b....#......##
?.......###.............#
........................##
#########...#.............
#....(.........###
#####.).#...........
######...)....(.......###
.......#.<.รท##...####....
.........##......#######.


You could see Grinder (combustible) and a bat.

Vanquished Creatures
  3 adders
  A dart slug (D:1)
  6 orcs
  4 bats
  8 endoplasms
  A giant cockroach (D:1)
  8 goblins
  4 hobgoblins
  2 jackals (D:2)
  A quokka (D:1)
  11 ball pythons
  3 frilled lizards
  5 kobolds
  6 rats
63 creatures vanquished.

Notes
Turn   | Place    | Note
-------+----------+-------------------------------------------
     0 | D:1      | arthad the Gnoll Cinder Acolyte began the quest for the
                  | Orb.
     0 | D:1      | Reached XP level 1. HP: 23/23 MP: 4/4
    23 | D:1      | Found Tetuf's Jewellery Emporium.
   117 | D:1      | Reached XP level 2. HP: 26/29 MP: 5/5
   120 | D:1      | Learned a level 2 spell: Scorch
   255 | D:1      | Found a faded altar of an unknown god.
   393 | D:1      | Reached XP level 3. HP: 24/35 MP: 2/7
   887 | D:2      | Reached skill level 1 in Invocations
  1276 | D:2      | Reached skill level 1 in Short Blades
  1276 | D:2      | Reached skill level 1 in Long Blades
  1276 | D:2      | Reached skill level 1 in Maces & Flails
  1276 | D:2      | Reached skill level 1 in Polearms
  1276 | D:2      | Reached skill level 1 in Staves
  1276 | D:2      | Reached skill level 1 in Ranged Weapons
  1276 | D:2      | Reached skill level 1 in Throwing
  1276 | D:2      | Reached skill level 1 in Armour
  1276 | D:2      | Reached skill level 1 in Dodging
  1276 | D:2      | Reached skill level 1 in Stealth
  1276 | D:2      | Reached skill level 1 in Shields
  1276 | D:2      | Reached skill level 1 in Unarmed Combat
  1276 | D:2      | Reached skill level 1 in Evocations
  1530 | D:2      | Reached XP level 4. HP: 39/41 MP: 1/8
  2179 | D:3      | Reached skill level 1 in Conjurations
  2179 | D:3      | Reached skill level 1 in Hexes
  2179 | D:3      | Reached skill level 1 in Summonings
  2179 | D:3      | Reached skill level 1 in Necromancy
  2179 | D:3      | Reached skill level 1 in Translocations
  2179 | D:3      | Reached skill level 1 in Transmutations
  2179 | D:3      | Reached skill level 1 in Ice Magic
  2179 | D:3      | Reached skill level 1 in Air Magic
  2179 | D:3      | Reached skill level 1 in Earth Magic
  2179 | D:3      | Reached skill level 1 in Poison Magic
  2192 | D:3      | Noticed Grinder
  2540 | D:3      | Slain by Grinder

Illustrated notes

Levels and vault maps discovered:
D:1:      heliophobic_arrival_henge, layout_loops_ring,
          ebering_ecumenical_altar_webs, serial_shops, nicolae_shop_behind_doors
D:2:      layout_loops_ring
D:3:      layout_rooms, nicolae_vehumet_radiance, kennysheep_generic_room_15,
          uniq_ijyb, uniq_grinder, uniq_natasha

Skill      XL: |  1  2  3  4 |
---------------+-------------+-----
Invocations    | 1 |  1.4
Short Blades   | 1 |  1.2
Long Blades    | 1 |  1.2
Maces & Flails | 1 |  1.2
Polearms       | 1 |  1.2
Staves         | 1 |  1.2
Ranged Weapons | 1 |  1.2
Throwing       | 1 |  1.2
Armour         | 1 |  1.2
Dodging        | 1 |  1.2
Stealth        | 1 |  1.2
Shields        | 1 |  1.2
Unarmed Combat | 1 |  1.2
Evocations     | 1 |  1.2
Spellcasting   | 3 |  3.0
Conjurations   | 1 |  1.0
Hexes          | 1 |  1.0
Summonings     | 1 |  1.0
Necromancy     | 1 |  1.0
Translocations | 1 |  1.0
Transmutations | 1 |  1.0
Ice Magic      | 1 |  1.0
Air Magic      | 1 |  1.0
Earth Magic    | 1 |  1.0
Poison Magic   | 1 |  1.0
Fighting       | |  6.6
Axes           | |  6.6
Fire Magic     | |  5.5

Action                   |  1- 3 |  4- 6 || total
-------------------------+-------+-------++-------
Melee: Hand axe          |    66 |    14 ||    80
       Bite              |     6 |     1 ||     7
       Punch             |     2 |       ||     2
 Cast: Scorch            |    31 |    29 ||    60
  Use: Potion            |       |     1 ||     1
 Stab: Distracted        |     1 |       ||     1
Armor: Robe              |     7 |     3 ||    10
Dodge: Dodged            |    39 |    23 ||    62

Table legend: (Time is in decaauts)
 A = Elapsed time spent in this place.
 B = Non-inter-level travel time spent in this place.
 C = Inter-level travel time spent in this place.
 D = Time resting spent in this place.
 E = Time spent auto-exploring this place.
 F = Levels seen in this place.
 G = Mean time per level.
                   A        B        C        D        E       F      G
               +--------+--------+--------+--------+--------+-----+--------+
         Total |   2539 |   2513 |     26 |    352 |   1810 |   3 |  846.3 |
       Dungeon |   2539 |   2513 |     26 |    352 |   1810 |   3 |  846.3 |
               +--------+--------+--------+--------+--------+-----+--------+

Top non-repeatable levels by time:
     D:2: 1410 daAuts
     D:1: 882 daAuts
     D:3: 246 daAuts
